 Dungeon Crawl Stone Soup version 0.28-a0-1412-gf95308ed99 (webtiles) character file.

Game seed: 17200982761251380694

3502 2tousent the Slicer (level 9, -12/52 HPs)
             Began as a Vampire Enchanter on Jan 6, 2022.
             Was a High Priest of Ignis.
             Mangled by Prince Ribbit (19 damage)
             ... on level 7 of the Dungeon.
             The game lasted 00:14:24 (6524 turns).

2tousent the Slicer (Vampire Enchanter)             Turns: 6524, Time: 00:14:24

Health: -12/52     AC:  0    Str:  5 (7)  XL:     9   Next: 80%
Magic:  6/15       EV: 22    Int: 16 (18) God:    Ignis [*****.]
Gold:   238        SH:  0    Dex: 21 (23) Spells: 8/16 levels left

rFire   + . .      SeeInvis +   (weapon currently unavailable)
rCold   + + .      Faith    .   (shield currently unavailable)
rNeg    + + +      Spirit   .   (armour currently unavailable)
rPois   ∞          Reflect  .   (helmet currently unavailable)
rElec   .          Harm     .   (cloak currently unavailable)
rCorr   .          Rampage  .   (gloves currently unavailable)
Will    .....                   (boots currently unavailable)
Stlth   +++++++...              (no amulet)
HPRegen 0.00/turn               (ring currently unavailable)
MPRegen 0.14/turn               (ring currently unavailable)

@: bat-form, flying, bloodless, inhibited regen, very quick
A: fast, flying, no casting, tiny, bloodless, fangs 3, see invisible, vampiric 2
a: Revivify, End Transformation, Renounce Religion, Fiery Armour, Foxfire Swarm,
Rising Flame


You were on level 7 of the Dungeon.
You worshipped Ignis.
Ignis was extremely pleased with you.
You were a vampire bat.
You visited 2 branches of the dungeon, and saw 8 of its levels.
You also visited: Ossuary.

You collected 238 gold pieces.

Inventory:

Hand Weapons
 a - a +1 dagger (melded)
Armour
 b - a +0 robe (melded)
 g - a +1 cloak (melded)
Scrolls
 f - 6 scrolls of teleportation
 i - a scroll of blinking
 k - 3 scrolls of magic mapping
 n - a scroll of summoning {unknown}
 o - 2 scrolls of identify {unknown}
 r - a scroll of fear {unknown}
Potions
 c - 2 potions of invisibility
 d - 5 potions of flight
 e - a potion of might {unknown}
 h - 3 potions of lignification
 j - 5 potions of heal wounds {unknown}
 l - 6 potions of curing {unknown}
 m - a potion of ambrosia {unknown}
 p - a potion of haste {unknown}
 q - a potion of attraction {unknown}


   Skills:
 - Level 4.0 Fighting
 - Level 10.0 Short Blades
 - Level 4.0 Dodging
 + Level 9.7 Stealth
 - Level 4.0 Spellcasting
 + Level 9.4 Hexes
 - Level 2.0 Ice Magic


You had 8 spell levels left.
You knew the following spells:

 Your Spells              Type           Power      Damage    Failure   Level
a - Ensorcelled Hibernat  Hex/Ice        42%        N/A       2%          2
b - Confusing Touch       Hex            33%        N/A       1%          3
c - Tukima's Dance        Hex            33%        N/A       1%          3

Your spell library contained the following spells:

 Spells                   Type           Power      Damage    Failure   Level
 Dazzling Flash           Conj/Hex       36%        N/A       8%          3
 Apportation              Tloc           6%         N/A       17%         1
 Magic Dart               Conj           12%        1d3       17%         1
 Call Imp                 Summ           3%         N/A       26%         2
 Mephitic Cloud           Conj/Pois/Air  3%         N/A       45%         3
 Alistair's Intoxication  Tmut/Pois      2%         N/A       99%         5


Dungeon Overview and Level Annotations

Branches:
Dungeon (7/15)             Temple (1/1) D:5         Ossuary (visited)

Altars:
Ashenzari
Cheibriados
Dithmenos
Elyvilon
Fedhas
Gozag
Hepliaklqana
Kikubaaqudgha
Nemelex Xobeh
Okawaru
Qazlal
Ru
Sif Muna
Trog
Uskayaw
Vehumet
Wu Jian
Xom
Yredelemnul
Zin
The Shining One
Ignis

Annotations:
D:5 2 transporters, ThreePoint314's ghost, novice KoBr
D:7 Prince Ribbit


Innate Abilities, Weirdness & Mutations

You are a vampire bat.
You are tiny and dextrous.
You move quickly.
You are flying.
You are immune to poison.
Your equipment is almost entirely melded.
You are incapable of wielding weapons or throwing items.
You cannot cast spells.
You do not regenerate when monsters are visible.
You are frail without blood (-20% HP).
You can heal yourself when you bite living creatures.
You are immune to poison.
You have razor-sharp teeth.
You have supernaturally acute eyesight. (SInv)
You are afflicted with vampirism and can become a bat while bloodless.


Message History

Casting: Ensorcelled Hibernation (safe; 2% risk of failure)
Confirm with . or Enter, or press ? or * to list all spells.
Aiming: Ensorcelled Hibernation (safe; 2% risk of failure)
Press: ? - help, Shift-Dir - straight line, f - Prince Ribbit
Aim: Prince Ribbit (chance to affect: 37%) Prince Ribbit easily resists.
Prince Ribbit hits you!
Casting: Ensorcelled Hibernation (safe; 2% risk of failure)
Confirm with . or Enter, or press ? or * to list all spells.
Aiming: Ensorcelled Hibernation (safe; 2% risk of failure)
Press: ? - help, Shift-Dir - straight line, f/p - Prince Ribbit
Aim: Prince Ribbit (chance to affect: 37%) Prince Ribbit easily resists.
Prince Ribbit hits you.
Casting: Ensorcelled Hibernation (safe; 2% risk of failure)
Confirm with . or Enter, or press ? or * to list all spells.
Aiming: Ensorcelled Hibernation (safe; 2% risk of failure)
Press: ? - help, Shift-Dir - straight line, f/p - Prince Ribbit
Aim: Prince Ribbit (chance to affect: 37%) Prince Ribbit easily resists.
Prince Ribbit hits you! x2
* * * LOW HITPOINT WARNING * * *
Casting: Ensorcelled Hibernation (safe; 2% risk of failure)
Confirm with . or Enter, or press ? or * to list all spells.
Aiming: Ensorcelled Hibernation (safe; 2% risk of failure)
Press: ? - help, Shift-Dir - straight line, f/p - Prince Ribbit
Aim: Prince Ribbit (chance to affect: 37%) Prince Ribbit easily resists.
Prince Ribbit hits you!
* * * LOW HITPOINT WARNING * * *
You turn into a vampire bat.
Your +1 dagger melds into your body.
Your +1 cloak melds into your body.
Your +0 robe melds into your body.
You feel weakened.
You feel dopey.
You feel clumsy. Prince Ribbit misses you.
You see here a +0 halberd.
You can't do that in your present form.
Okay, then.
You can't do that in your present form.
You see here a +0 whip.
Prince Ribbit blinks!
Things that are here:
a +0 vorpal spear; a +0 scale mail; a gnoll corpse Prince Ribbit hits you!!
You die...

#.#.<.........## #
...#............# ##.
#..........##..#
...##.###...# ##..### ##
#.#..>##...# ...... ..
#.>.......## #..#.# ##
###...##### #..#.##########
##.##########..#...........
#....§)))bF.....##########
#################


You could see Prince Ribbit.

Vanquished Creatures
  Pikel (D:7)
  Maggie (D:6)
  Eustachio (D:6)
  2 steam dragons
  A water moccasin (D:7)
  4 ice beasts
  An orc warrior (D:6)
  2 ogres
  4 centaurs
  A lemure (D:7)
  Blork the orc (D:6)
  A gnoll sergeant (D:7)
  2 bullfrogs
  A scorpion (D:6)
  2 water moccasin skeletons (D:6)
  A killer bee (D:5)
  A howler monkey (D:3)
  A bullfrog zombie (D:5)
  A centaur zombie (Ossuary)
  2 jellies
  A human zombie (Ossuary)
  2 hounds
  Crazy Yiuf (D:2)
  A bullfrog skeleton (D:7)
  An orc priest (D:5)
  A centaur skeleton (D:4)
  3 iguanas
  2 orc wizards
  A hound skeleton (D:4)
  2 mummies (Ossuary)
  2 howler monkey skeletons (D:5)
  4 gnolls (D:7)
  12 adders
  A white imp (D:6)
  4 ufetubi
  3 adder zombies (Ossuary)
  2 worms (D:2)
  A dart slug (D:4)
  18 orcs
  3 endoplasms
  4 giant cockroaches
  8 goblins
  8 hobgoblins
  6 jackals
  2 quokkas
  A ball python (D:2)
  4 bats
  3 frilled lizards
  2 goblin zombies (Ossuary)
  8 hobgoblin zombies (Ossuary)
  A jackal zombie (Ossuary)
  2 kobolds
  10 kobold zombies (Ossuary)
  9 orc zombies (Ossuary)
  A rat zombie (Ossuary)
165 creatures vanquished.

Vanquished Creatures (others)
  2 fungi (D:2)
2 creatures vanquished.

Grand Total: 167 creatures vanquished

Notes
Turn   | Place    | Note
-------+----------+-------------------------------------------
     0 | D:1      | 2tousent the Vampire Enchanter began the quest for the Orb.
     0 | D:1      | Reached XP level 1. HP: 13/13 MP: 3/3
   121 | D:1      | Reached skill level 1 in Fighting
   265 | D:1      | Reached XP level 2. HP: 21/21 MP: 5/5
   280 | D:1      | Learned a level 2 spell: Ensorcelled Hibernation
   331 | D:1      | Found a faded altar of an unknown god.
   391 | D:1      | Prayed at the altar of an unknown god.
   391 | D:1      | Became a worshipper of Ignis, the Dying Flame
   983 | D:2      | Reached skill level 2 in Short Blades
   983 | D:2      | Gained mutation: You are afflicted with vampirism and can
                  | become a bat while bloodless. [Vampire growth]
   983 | D:2      | Reached XP level 3. HP: 27/27 MP: 6/6
   987 | D:2      | Learned a level 3 spell: Confusing Touch
  1511 | D:2      | Reached XP level 4. HP: 33/33 MP: 4/7
  1526 | D:2      | Reached skill level 5 in Stealth
  1526 | D:2      | Reached skill level 1 in Ice Magic
  1672 | D:2      | Found a runed translucent door.
  1673 | D:2      | Noticed Crazy Yiuf
  1710 | D:2      | Reached skill level 5 in Hexes
  1792 | D:2      | Killed Crazy Yiuf
  1928 | D:3      | Identified the +5 mace "Killer Klown's Curse" {vamp,
                  | Int+10}
  2161 | D:3      | Reached XP level 5. HP: 38/38 MP: 8/8
  2203 | D:3      | Learned a level 3 spell: Tukima's Dance
  2714 | D:4      | Reached skill level 3 in Short Blades
  2724 | D:4      | Reached XP level 6. HP: 23/35 MP: 1/9
  3009 | D:4      | Found a hazy altar of Hepliaklqana.
  3241 | D:5      | Entered Level 5 of the Dungeon
  3272 | D:5      | Found a staircase to the Ecumenical Temple.
  3278 | Temple   | Entered the Ecumenical Temple
  3358 | D:5      | Found a transporter.
  3436 | D:5      | Noticed an ice beast
  3444 | D:5      | Killed an ice beast
  3698 | D:5      | Reached skill level 4 in Short Blades
  3698 | D:5      | Reached XP level 7. HP: 40/40 MP: 10/10
  3821 | D:5      | Found a basalt altar of Yredelemnul.
  3847 | D:5      | Found a transporter.
  3847 | D:5      | Noticed ThreePoint314's ghost (novice KoBr)
  3848 | D:5      | Noticed a yak
  4005 | D:5      | Found a radiant altar of Vehumet.
  4238 | D:5      | Found a sparkling altar of Nemelex Xobeh.
  4307 | D:5      | Found a shadowy altar of Dithmenos.
  4321 | D:5      | Found a shimmering altar of Xom.
  4327 | D:5      | Reached skill level 5 in Short Blades
  4432 | D:6      | Found a sand-covered staircase.
  4437 | Ossuary  | Entered an ossuary
  4705 | Ossuary  | Reached skill level 6 in Short Blades
  4818 | D:6      | Noticed Maggie
  4821 | D:6      | Reached XP level 8. HP: 44/44 MP: 11/11
  4837 | D:6      | Killed Maggie
  4838 | D:6      | Reached skill level 7 in Short Blades
  4923 | D:6      | Reached skill level 8 in Short Blades
  4932 | D:6      | Noticed Eustachio
  4936 | D:6      | Killed Eustachio
  4962 | D:6      | Noticed Blork the orc
  4973 | D:6      | Killed Blork the orc
  4974 | D:6      | Reached skill level 9 in Short Blades
  5027 | D:6      | Reached skill level 10 in Short Blades
  5106 | D:6      | Reached XP level 9. HP: 48/48 MP: 5/12
  5771 | D:6      | Found a broken altar of Ashenzari.
  5771 | D:6      | Found a bloodstained altar of Trog.
  6180 | D:7      | Noticed Pikel
  6191 | D:7      | Killed Pikel
  6504 | D:7      | Noticed Prince Ribbit
  6524 | D:7      | Mangled by Prince Ribbit

Illustrated notes

Levels and vault maps discovered:
D:1:      enne_arrival_octagon_isle, layout_loops_ring,
          hellmonk_ecumenical_altar_heavens_door, dk_noncrumbling_4
D:2:      layout_rooms, st_stairs_10, serial_park_tiny_1, minmay_tetromino_l2,
          uniq_crazy_yiuf_cottage
D:3:      layout_rooms
D:4:      layout_cave_pools, elyvilon_altar_1, amethyst_overflow_temple_binary
D:5:      layout_basic, fiery_altar_vehumet, lemuel_round_altar,
          kennysheep_mini, minmay_temple_entry_enclosed_plants,
          gammafunk_ghost_arena, hangedman_feature_mirror
D:6:      layout_basic, gammafunk_temple_overflow_statue, enter_ossuary_5,
          st_stairs_4, chequers_decorated_corner, uniq_eustachio, uniq_maggie,
          uniq_blork_the_orc
D:7:      layout_loops_ring, grunt_decor_one_mirror, nicolae_grassy_gnolls,
          uniq_pikel, uniq_prince_ribbit1
Temple:   nicolae_temple_god_jail

Skill      XL: |  1  2  3  4  5  6  7  8  9 |
---------------+----------------------------+-----
Fighting       | 1 2 4 |  4.0
Short Blades   | 2 3 4 6 10 | 10.0
Stealth        | 5 6 7 8 9 |  9.7
Ice Magic      | 1 2 |  2.0
Hexes          | 5 6 7 8 9 |  9.4
Dodging        | 4 |  4.0
Spellcasting   | 4 |  4.0

Action                   |  1- 3 |  4- 6 |  7- 9 || total
-------------------------+-------+-------+-------++-------
Melee: Dagger            |   155 |   101 |   318 ||   574
       Bite              |    11 |    14 |    30 ||    55
       Punch             |       |     3 |     3 ||     6
 Cast: Ensorcelled Hiber |    10 |    21 |    41 ||    72
       Confusing Touch   |       |       |     3 ||     3
       Tukima's Dance    |       |       |     2 ||     2
Invok: Fiery Armour      |       |     1 |       ||     1
 Abil: Exsanguinate      |       |     1 |       ||     1
       Bat Form          |       |       |     1 ||     1
  Use: Potion            |     2 |       |     1 ||     3
       Scroll            |       |     3 |     3 ||     6
 Stab: Sleeping          |    16 |    24 |    58 ||    98
       Distracted        |       |     1 |     1 ||     2
       Confused          |       |       |     3 ||     3
       Invisible         |       |       |     1 ||     1
Armor: Robe              |    26 |    31 |    46 ||   103
       Skin              |    13 |       |       ||    13
Dodge: Dodged            |    93 |    63 |   123 ||   279

Table legend: (Time is in decaauts)
 A = Elapsed time spent in this place.
 B = Non-inter-level travel time spent in this place.
 C = Inter-level travel time spent in this place.
 D = Time resting spent in this place.
 E = Time spent auto-exploring this place.
 F = Levels seen in this place.
 G = Mean time per level.
                   A        B        C        D        E       F      G
               +--------+--------+--------+--------+--------+-----+--------+
         Total |   6379 |   6026 |    353 |     92 |   4593 |   9 |  708.8 |
       Dungeon |   6052 |   5712 |    340 |     92 |   4468 |   7 |  864.6 |
        Temple |     53 |     40 |     13 |      0 |     29 |   1 |   53.0 |
       Ossuary |    272 |    272 |      0 |      0 |     96 |   1 |  272.0 |
               +--------+--------+--------+--------+--------+-----+--------+

Top non-repeatable levels by time:
     D:6: 1188 daAuts
     D:5: 1104 daAuts
     D:2: 942 daAuts
     D:1: 916 daAuts
     D:4: 824 daAuts
     D:7: 541 daAuts
     D:3: 535 daAuts
 Ossuary: 272 daAuts
  Temple: 53 daAuts
